 Dungeon Crawl Stone Soup version 0.29-a0-483-g69413ace17 (webtiles) character file.

Game seed: 8019058652836765120

3744 Zdeegee the Gusty (level 9, -2/73 HPs)
             Began as a Pale Draconian Air Elementalist on May 25, 2022.
             Was a Believer of Vehumet.
             Slain by an orc knight
             ... wielding a +0 war axe
              (21 damage)
             ... in a bailey on May 26, 2022.
             The game lasted 00:23:44 (8696 turns).

Zdeegee the Gusty (Pale Draconian Air Elementalist) Turns: 8696, Time: 00:23:45

Health: -2/73      AC: 10    Str: 12    XL:     9   Next: 93%
Magic:  0/17       EV: 13    Int: 19    God:    Vehumet [**....]
Gold:   288        SH:  0    Dex: 13    Spells: 2/19 levels left

rFire   . . .      SeeInvis .   p - +10 war axe of Oblo {vamp, Will++ Dex+2}
rCold   . . .      Faith    .   (no shield)
rNeg    + . .      Spirit   .   (body armour unavailable)
rPois   .          Reflect  .   (helmet restricted)
rElec   .          Harm     .   (no cloak)
rCorr   .          Rampage  .   w - +2 pair of gloves
Will    ++...                   (no boots)
Stlth   ++........              n - amulet of regeneration
HPRegen 1.02/turn               m - ring of positive energy
MPRegen 0.15/turn               (no ring)

@: no status effects
A: breathe steam, AC +7, unfitting armour, cold-blooded, steam resistance
a: Breathe Steam, Renounce Religion


You were in a bailey.
You worshipped Vehumet.
Vehumet was pleased with you.
You visited 2 branches of the dungeon, and saw 8 of its levels.
You also visited: Bailey.

You collected 360 gold pieces.
You spent 72 gold pieces at shops.

Inventory:

Hand Weapons
 c - a +0 dagger
 p - the +10 war axe of Oblo (weapon) {vamp, Will++ Dex+2}
   (You found it on level 2 of the Dungeon)

   It occasionally heals its wielder for a portion of the damage dealt when it
   wounds a living foe.
   Dex:       It affects your dexterity (+2).
   Will:      It greatly increases your willpower.
 B - a +2 flail of draining
Missiles
 h - 11 poisoned darts
 i - 2 curare-tipped darts
 o - 13 boomerangs
Armour
 q - a +0 buckler
 w - a +2 pair of gloves (worn)
Jewellery
 m - a ring of positive energy (left hand)
 n - an amulet of regeneration (around neck)
Wands
 e - a wand of iceblast (1)
 G - a wand of charming (1)
Scrolls
 b - 2 scrolls of teleportation
 f - 2 scrolls of enchant weapon
 k - 3 scrolls of enchant armour
 t - 2 scrolls of blinking
Potions
 a - a potion of magic
 d - 3 potions of brilliance
 g - 4 potions of mutation
 j - 2 potions of might
 l - 3 potions of heal wounds
 r - a potion of flight
 u - 3 potions of lignification
 v - 2 potions of haste
 z - 5 potions of curing
 A - a potion of attraction


   Skills:
 * Level 4.8 Fighting
 + Level 0.1 Short Blades
 + Level 3.3 Axes
 * Level 4.5 Dodging
 + Level 3.2 Stealth
 * Level 3.8 Shields
 * Level 5.8 Spellcasting
 * Level 4.4 Conjurations
 * Level 3.3 Fire Magic
 * Level 3.2 Ice Magic
 * Level 7.1 Air Magic
 + Level 1.8 Invocations
 + Level 2.0 Evocations


You had 2 spell levels left.
You knew the following spells:

 Your Spells              Type           Power      Damage    Failure   Level
a - Shock                 Conj/Air       100%       1d9       1%          1
b - Static Discharge      Conj/Air       27%        N/A       1%          2
c - Swiftness             Air            32%        N/A       1%          3
d - Frozen Ramparts       Ice            36%        1d5       9%          3
e - Airstrike             Air            16%        N/A       6%          4
f - Hailstorm             Conj/Ice       20%        3d6       22%         4

Your spell library contained the following spells:

 Spells                   Type           Power      Damage    Failure   Level
 Magic Dart               Conj           88%        1d7       1%          1
 Freeze                   Ice            72%        1d9       3%          1
 Scorch                   Fire           36%        2d6       4%          2
 Ensorcelled Hibernation  Hex/Ice        22%        N/A       9%          2
 Ozocubu's Armour         Ice            18%        N/A       9%          3
 Flame Wave               Conj/Fire      20%        2d7       22%         4
 Spider Form              Tmut/Pois      5%         N/A       34%         3
 Anguish                  Hex/Necr       2%         N/A       75%         4
 Summon Cactus Giant      Summ           2%         N/A       100%        6
 Ozocubu's Refrigeration  Ice            9%         4d6       100%        7


Dungeon Overview and Level Annotations

Branches:
Dungeon (7/15)             Temple (1/1) D:7          Bailey (1/1)

Altars:
Elyvilon
Fedhas
Gozag
Nemelex Xobeh
Ru
Sif Muna
Vehumet
Xom
Yredelemnul

Shops:
D:3 (   D:4 *


Innate Abilities, Weirdness & Mutations

You can breathe blasts of scalding, opaque steam.
Your pale cyan-grey scales are hard. (AC +7)
You cannot fit into any form of body armour.
You are cold-blooded and may be slowed by cold attacks.
You are immune to the effects of steam.


Message History

The orc warrior is struck by an arc of lightning.
The orc warrior is moderately wounded.
The orc knight is struck by an arc of lightning!
The orc knight is lightly wounded.
You are struck by an arc of lightning.
The lightning grounds out.
The orc knight is struck by an arc of lightning.
The orc knight is moderately wounded.
You are struck by an arc of lightning.
The orc knight is struck by an arc of lightning.
The orc knight is moderately wounded.
The lightning grounds out.
The wall freezes the orc knight.
The orc knight hits you with a +0 war axe!
The wall freezes the orc warrior.
The orc warrior barely misses you.
Casting: Static Discharge (safe; 1% risk of failure)
Confirm with . or Enter, or press ? or * to list all spells.
The orc warrior is struck by an arc of lightning.
The orc warrior is heavily wounded.
The lightning grounds out.
The orc knight is struck by an arc of lightning!
The orc knight is heavily wounded.
The orc warrior is struck by an arc of lightning.
The orc warrior is severely wounded.
The lightning grounds out.
The frozen ramparts melt away.
The orc knight hits you with a +0 war axe!
The orc warrior hits you with a +0 war axe!
Unknown command.
Casting: Static Discharge (safe; 1% risk of failure)
Confirm with . or Enter, or press ? or * to list all spells.
The orc knight is struck by an arc of lightning.
The orc knight is heavily wounded.
The lightning grounds out.
The orc knight hits you with a +0 war axe!
* * * LOW HITPOINT WARNING * * *
The orc warrior barely misses you.
Unknown command.
The orc warrior attacks as you move away!
The orc warrior closely misses you.
The orc knight attacks as you move away!
The orc knight hits you with a +0 war axe!!
You die...

..∩..# ......
..)...# .......
....... ..⌠....
#######
......o##.....##
......o@.......#
.....g##.......##
..... #.........#
88.8
##.........## ##g
#.....⌠.....# #.
##...).....## .
#...).....#
##...)...##
#.......#


You could see an orc knight, an orc warrior (strong), a hobgoblin and a goblin
(wandering).

Vanquished Creatures
  An orc knight (Bailey)
  A moth of wrath (Bailey)
  Edmund (D:5)
  A water moccasin (D:7)
  An ice beast (D:6)
  9 orc warriors
  A sky beast (D:7)
  2 black bears
  An ogre (D:6)
  2 centaurs
  A phantom (D:5)
  A kobold brigand (D:7)
  A scorpion (D:6)
  4 killer bees (D:6)
  2 howler monkeys
  An orc priest (D:7)
  4 hounds
  3 jellies (D:5)
  5 iguanas
  2 orc wizards (D:4)
  11 gnolls
  10 adders
  A white imp (D:5)
  4 ufetubi
  A worm (D:3)
  5 dart slugs
  18 orcs
  4 endoplasms
  2 giant cockroaches
  30 goblins
  22 hobgoblins
  3 jackals (D:4)
  9 kobolds
  5 quokkas
  8 ball pythons
  4 bats
  2 frilled lizards (D:1)
  9 rats
192 creatures vanquished.

Vanquished Creatures (others)
  A plant (D:3)
1 creature vanquished.

Grand Total: 193 creatures vanquished

Notes
Turn   | Place    | Note
-------+----------+-------------------------------------------
     0 | D:1      | Zdeegee the Draconian Air Elementalist began the quest for
                  | the Orb.
     0 | D:1      | Reached XP level 1. HP: 14/14 MP: 3/3
   208 | D:1      | Reached XP level 2. HP: 20/20 MP: 0/5
   211 | D:1      | Learned a level 2 spell: Static Discharge
  1054 | D:1      | Found a faded altar of an unknown god.
  1141 | D:1      | Reached XP level 3. HP: 21/27 MP: 1/6
  1145 | D:1      | Learned a level 3 spell: Swiftness
  1660 | D:2      | Identified the +10 war axe of Oblo {vamp, Will++ Dex+2}
  1696 | D:2      | Reached skill level 1 in Evocations
  2488 | D:3      | Found a white marble altar of Elyvilon.
  2513 | D:3      | Reached XP level 4. HP: 33/34 MP: 1/7
  2848 | D:3      | Reached skill level 1 in Invocations
  2901 | D:3      | Reached skill level 4 in Air Magic
  3041 | D:3      | Found a sparkling altar of Nemelex Xobeh.
  3145 | D:3      | Found Upogost's Weapon Shop.
  3177 | D:3      | Reached skill level 1 in Fighting
  3177 | D:3      | Reached XP level 5. HP: 30/40 MP: 0/8
  3953 | D:4      | Found an opulent altar of Gozag.
  4059 | D:4      | Found Uwnyrab's General Store.
  4060 | D:4      | Found Kicrarynn's Specific Store.
  4071 | D:4      | Bought a potion of curing for 36 gold pieces
  4078 | D:4      | Bought a potion of curing for 36 gold pieces
  4212 | D:4      | Learned a level 3 spell: Frozen Ramparts
  4385 | D:4      | Reached skill level 1 in Shields
  4559 | D:4      | Reached XP level 6. HP: 47/47 MP: 7/10
  4832 | D:4      | Reached skill level 1 in Ice Magic
  4945 | D:4      | Found a shimmering blue altar of Sif Muna.
  4975 | D:4      | Found a sacrificial altar of Ru.
  5125 | D:5      | Entered Level 5 of the Dungeon
  5330 | D:5      | Reached skill level 1 in Axes
  5330 | D:5      | Your scales start taking on a pale cyan-grey colour.
  5330 | D:5      | Reached skill level 5 in Air Magic
  5330 | D:5      | Reached XP level 7. HP: 48/53 MP: 11/11
  5330 | D:5      | Gained mutation: You are immune to the effects of steam.
                  | [Pale Draconian growth]
  6055 | D:5      | Noticed Edmund
  6064 | D:5      | Killed Edmund
  6171 | D:5      | Found a shimmering altar of Xom.
  6242 | D:5      | Found a basalt altar of Yredelemnul.
  6415 | D:6      | Reached XP level 8. HP: 63/63 MP: 4/13
  6420 | D:6      | Learned a level 4 spell: Airstrike
  6873 | D:6      | Reached skill level 6 in Air Magic
  7298 | D:7      | Found a staircase to the Ecumenical Temple.
  7338 | Temple   | Entered the Ecumenical Temple
  7346 | Temple   | Became a worshipper of Vehumet
  7376 | D:7      | Reached skill level 1 in Fire Magic
  7444 | D:7      | HP: 1/63 [orc warrior/+2 vorpal scimitar (5)]
  7568 | D:7      | Reached XP level 9. HP: 36/71 MP: 10/16
  7608 | D:7      | Found a flagged portal.
  7698 | Bailey   | Entered a bailey
  7794 | Bailey   | Learned a level 4 spell: Hailstorm
  7801 | Bailey   | Reached skill level 5 in Spellcasting
  7881 | Bailey   | Noticed an orc knight
  7891 | Bailey   | Killed an orc knight
  7912 | Bailey   | Reached * piety under Vehumet
  7912 | Bailey   | Offered knowledge of Foxfire by Vehumet.
  7974 | Bailey   | Noticed an orc knight
  8049 | Bailey   | Noticed a moth of wrath
  8049 | Bailey   | an orc knight changed into a moth of wrath
  8057 | Bailey   | Killed a moth of wrath
  8221 | Bailey   | Reached skill level 7 in Air Magic
  8554 | Bailey   | Reached ** piety under Vehumet
  8554 | Bailey   | Offered knowledge of Magic Dart by Vehumet.
  8687 | Bailey   | Noticed an orc knight
  8696 | Bailey   | Slain by an orc knight

Illustrated notes

Levels and vault maps discovered:
D:1:      eino_arrival_cavern_d, layout_basic,
          shapermc_ecumenical_altar_mp_urbaneastern
D:2:      layout_loops_ring
D:3:      layout_basic, mainiacjoe_overflow_tiny_flanked,
          nemelex_spade_bored_becter, serial_shops,
          nicolae_shop_bloodbath_and_beyond, minmay_goblin_kobold_house
D:4:      layout_loops_cross, mainiacjoe_overflow_alcove_2, led_sif_pool,
          amcnicky_altar_gilded, grunt_ministairs_2, nicolae_specific_store
D:5:      layout_rooms, gammafunk_temple_overflow_pools, minmay_bent,
          uniq_edmund
D:6:      layout_rooms, kennysheep_nondescript, minmay_misc_feat_tower
D:7:      layout_gridville, mainiacjoe_overflow_swirl, temple_green,
          enter_bailey_5
Temple:   dpeg_chambers_temple
Bailey:   bailey_axe_minmay_hex_keep, bailey

Skill      XL: |  1  2  3  4  5  6  7  8  9 |
---------------+----------------------------+-----
Stealth        | 2 3 |  3.2
Dodging        | 2 3 4 |  4.5
Evocations     | 1 2 |  2.0
Invocations    | 1 |  1.8
Air Magic      | 4 5 6 7 |  7.1
Fighting       | 1 3 4 |  4.8
Shields        | 1 2 3 |  3.8
Conjurations   | 2 3 4 |  4.4
Spellcasting   | 3 4 5 |  5.8
Ice Magic      | 1 2 3 |  3.2
Axes           | 1 2 3 |  3.3
Fire Magic     | 1 3 |  3.3
Short Blades   | |  0.1

Action                   |  1- 3 |  4- 6 |  7- 9 || total
-------------------------+-------+-------+-------++-------
Melee: Unarmed           |    12 |       |       ||    12
       Dagger            |    11 |       |       ||    11
       Tailslap          |     4 |     4 |     7 ||    15
       War axe           |    10 |    54 |    92 ||   156
       Punch             |       |     3 |     1 ||     4
 Cast: Shock             |    83 |   102 |   131 ||   316
       Static Discharge  |     3 |     9 |    32 ||    44
       Frozen Ramparts   |       |     1 |     5 ||     6
       Airstrike         |       |       |    12 ||    12
       Swiftness         |       |       |     1 ||     1
       Hailstorm         |       |       |     6 ||     6
 Abil: Breathe Steam     |       |       |     2 ||     2
Evoke: Wand              |       |       |    13 ||    13
  Use: Scroll            |     4 |     3 |    12 ||    19
       Potion            |       |       |     1 ||     1
 Stab: Sleeping          |       |     2 |     1 ||     3
Armor: Skin              |    13 |    20 |    45 ||    78
Dodge: Dodged            |    27 |    68 |    68 ||   163

Table legend: (Time is in decaauts)
 A = Elapsed time spent in this place.
 B = Non-inter-level travel time spent in this place.
 C = Inter-level travel time spent in this place.
 D = Time resting spent in this place.
 E = Time spent auto-exploring this place.
 F = Levels seen in this place.
 G = Mean time per level.
                   A        B        C        D        E       F      G
               +--------+--------+--------+--------+--------+-----+--------+
         Total |   8771 |   8647 |    124 |    639 |   6405 |   9 |  974.6 |
       Dungeon |   7727 |   7603 |    124 |    261 |   6097 |   7 | 1103.9 |
        Temple |     16 |     16 |      0 |      0 |      0 |   1 |   16.0 |
        Bailey |   1027 |   1027 |      0 |    378 |    308 |   1 | 1027.0 |
               +--------+--------+--------+--------+--------+-----+--------+

Top non-repeatable levels by time:
     D:1: 1568 daAuts
     D:3: 1448 daAuts
     D:4: 1294 daAuts
     D:5: 1291 daAuts
  Bailey: 1027 daAuts
     D:6: 891 daAuts
     D:2: 835 daAuts
     D:7: 397 daAuts
  Temple: 16 daAuts
